AoeStats
← PilgrimSoul

Arabia

503947313Analyzed
1v1 RM · 29d ago on Sep 3, 2026· 34m 43s· 2 players
Game mode
Random Map
Map size
Tiny (2 player)
Population
200
Speed
Normal
Resources
Standard
Victory
Conquest
Starting age
Dark Age
Ending age
Imperial Age
RankedLock teamsTeams togetherTeam positionsShared explorationLock speedFull tech treeHidden civsTurbo modeCheats
Victory
Defeat
🇺🇸 Khitans · United States
1033
+19
🇮🇹 Berbers · Italy
1097
-19
PilgrimSoul
6:28 Loom
9:08 Feudal Age
15:24 Horse Collar
16:21 Double-Bit Axe
20:56 Castle Age
20:08 Bloodlines
20:10 Forging
22:25 Scale Barding Armor
24:50 Iron Casting
25:50 Fletching
26:00 Padded Archer Armor
26:34 Elite Skirmisher
29:19 Padded Archer Armor
31:12 Bodkin Arrow
31:33 Leather Archer Armor
DuckShepherd
10:16 Loom
14:39 Feudal Age
14:45 Man-at-Arms
15:49 Arson
18:33 Double-Bit Axe
19:14 Scale Mail Armor
20:54 Forging
25:16 Castle Age
24:28 Fletching
25:31 Gold Mining
25:22 Pikeman
26:14 Squires
27:08 Stone Mining
28:16 Chain Mail Armor
27:33 Long Swordsman
28:50 Gambesons
31:14 Bow Saw
32:02 Wheelbarrow
35:05 Iron Casting
35:00 Town Watch
Connection lost

Rejoining the realm…

Still unreachable

The connection could not be restored.

Session expired

The server has moved on; the page needs a fresh start.